Map: Finsterer Dschungel

Players

Asthalor - Winner!

  • Race: Protoss Protoss
  • Spawn Location: 5:00

MAÐǂRelukas - Winner!

  • Race: Zerg Zerg
  • League: Diamond
  • Spawn Location: 7:00

RiseAgainst

  • Race: Terran Terran
  • League: Diamond
  • Spawn Location: 11:00

Panda

  • Race: Zerg Zerg
  • Spawn Location: 1:00

VOD

Have the link to the VOD?

Description

Time

  • Played on: Aug. 29, 2017, 4:33 p.m.
  • Length: 14:31
Show
View Real Time Build Order
Export as new Build Order

Asthalor Protoss - Winner!

Build Orders: Blink Stalkers, Zealot Archon 

Get SALT Encoding   

  12  0:02  Probe (Chrono Boost)  
  13  0:12  Probe (Chrono Boost)  
  14  0:18  Pylon  
  14  0:23  Probe (Chrono Boost)  
  15  0:37  Probe (Chrono Boost)  
  15  0:40  Gateway  
  16  0:49  Probe (Chrono Boost)  
  17  0:52  Assimilator  
  17  0:59  Probe (Chrono Boost)  
  17  1:02  Pylon  
  18  1:10  Probe (Chrono Boost)  
  19  1:20  Probe (Chrono Boost)  
  20  1:28  Cybernetics Core  
  20  1:30  Assimilator  
  20  1:31  Probe (Chrono Boost)  
  21  1:41  Probe (Chrono Boost)  
  22  2:01  Probe (Chrono Boost)  
  23  2:07  Nexus  
  22  2:11  Mothership Core (Chrono Boost)  
  22  2:13  Warp Gate (Chrono Boost)  
  24  2:22  Pylon  
  24  2:32  Probe  
  25  2:44  Probe, Gateway  
  26  3:04  Twilight Council  
  26  3:05  Probe  
  27  3:14  Gateway  
  27  3:17  Probe  
  27  3:19  Gateway  
  28  3:23  Probe  
  29  3:29  Probe  
  29  3:33  Probe  
  31  3:47  Probe  
  32  3:50  Probe  
  33  3:55  Blink (Chrono Boost)  
  33  4:01  Assimilator, Probe  
  33  4:05  Assimilator  
  33  4:07  Stalker x2  
  38  4:12  Probe  
  38  4:13  Probe  
  40  4:22  Pylon  
  40  4:25  Probe, Stalker  
  40  4:27  Probe  
  44  4:34  Stalker  
  44  4:37  Probe  
  44  4:38  Probe  
  47  4:44  Stalker x2  
  52  4:50  Stalker  
  52  4:52  Probe  
  55  4:58  Probe  
  56  5:04  Probe  
  57  5:08  Probe  
  58  5:14  Stalker x2  
  62  5:22  Pylon  
  62  5:31  Pylon  
  62  5:38  Probe  
  62  5:40  Probe, Pylon  
  62  5:52  Probe  
  62  5:56  Stalker x4  
  71  6:13  Probe  
  71  6:14  Probe  
  73  6:26  Probe  
  66  6:43  Probe  
  66  6:44  Probe  
  64  6:48  Stalker  
  64  6:49  Stalker x3  
  72  6:54  Templar Archives  
  72  7:09  Nexus, Forge  
  72  7:11  Pylon  
  72  7:12  Forge  
  72  7:13  Stalker x3  
  72  7:15  Pylon  
  78  7:17  Assimilator  
  78  7:22  Assimilator, Stalker  
  80  7:25  Pylon  
  80  7:28  Gateway  
  80  7:29  Pylon  
  80  7:30  Gateway  
  80  7:37  High Templar x3  
  80  7:41  Archon  
  86  7:53  High Templar  
  88  8:00  Archon  
  88  8:08  Gateway  
  88  8:10  High Templar x3  
  88  8:11  Pylon  
  94  8:14  Archon  
  94  8:29  High Templar  
  94  8:31  High Templar  
  94  8:32  High Templar  
  100  8:37  Archon  
  100  8:38  Probe  
  101  8:48  Probe  
  98  9:31  High Templar x2  
  98  9:32  High Templar x4  
  98  9:35  Archon  
  98  9:36  Archon x2  
  110  9:43  Probe  
  111  9:48  Gateway  
  111  9:49  Gateway  
  111  10:01  Protoss Ground Weapons Level 1 (Chrono Boost), Protoss Ground Armor Level 1 (Chrono Boost), Gateway  
  111  10:04  Pylon  
  111  10:13  Zealot x4  
  111  10:14  Zealot x3  
  97  10:38  High Templar x6  
  97  10:39  High Templar  
  97  10:42  Archon  
  107  10:43  Archon  
  107  10:44  Archon  
  79  11:35  Zealot x3  
  79  11:36  Zealot x5  
  79  11:37  Zealot  
  79  11:39  Charge (Chrono Boost)  
  95  11:44  Protoss Ground Armor Level 2 (Chrono Boost)  
  95  11:46  Protoss Ground Weapons Level 2 (Chrono Boost)  
  89  11:56  High Templar x2  
  89  11:57  High Templar x4  
  89  11:58  Zealot x3  
  89  12:00  Psionic Storm  
  107  12:08  Archon x2  
  107  12:09  Archon  
  107  12:11  Nexus  
  107  12:14  Pylon  
  107  12:17  Pylon  
  107  12:18  Zealot  
  107  12:19  Assimilator, Zealot x2  
  113  12:25  Assimilator  
  113  12:27  Pylon  
  113  12:28  Pylon  
  113  12:30  Photon Cannon  
  113  12:43  Zealot x4  
  121  12:44  Zealot x2  
  121  12:45  Zealot x4  
  121  12:49  Probe x2  
  135  13:04  Photon Cannon  
  135  13:07  High Templar x3, Photon Cannon  
  135  13:08  High Templar x4  
  135  13:11  Gateway x2  
  149  13:20  Archon x2  
  149  13:22  High Templar  
  149  13:23  High Templar  
  149  13:24  Zealot  
  155  13:47  High Templar  
  157  13:48  Zealot  
  157  13:49  Zealot x5  
  157  13:50  Zealot  
  171  14:03  Pylon  
  171  14:04  High Templar x2  
  171  14:08  Archon  
Show
View Real Time Build Order
Export as new Build Order

MAÐǂRelukas Zerg - Winner!

Build Orders: Pool First 

Get SALT Encoding   

  12  0:06  Drone  
  13  0:13  Drone  
  14  0:26  Overlord  
  14  0:30  Extractor  
  14  0:31  Drone  
  14  0:43  Spawning Pool  
  14  0:45  Drone  
  14  0:49  Drone  
  15  0:54  Drone  
  16  1:14  Drone  
  16  1:18  Drone  
  18  1:22  Overlord  
  18  1:30  Spine Crawler  
  18  1:31  Queen  
  19  1:39  Metabolic Boost  
  19  1:44  Zergling x2  
  20  1:51  Zergling x2  
  21  1:56  Zergling x2  
  22  2:07  Zergling x2  
  23  2:21  Zergling x2  
  24  2:25  Hatchery  
  23  2:43  Zergling x10  
  28  3:00  Drone  
  29  3:06  Drone  
  29  3:11  Baneling Nest  
  29  3:14  Drone  
  27  3:40  Drone, Zergling x2  
  27  3:41  Drone, Zergling x2  
  26  4:08  Drone x2  
  26  4:17  Baneling x4  
  26  4:21  Queen, Spine Crawler  
  26  4:22  Drone, Zergling x6  
  26  4:23  Drone x2  
  33  4:45  Drone x2  
  33  4:46  Drone, Zergling x4  
  36  4:56  Overlord x2  
  36  4:57  Overlord  
  36  5:01  Evolution Chamber  
  36  5:05  Spore Crawler  
  36  5:06  Drone  
  36  5:07  Drone  
  36  5:15  Drone x3  
  39  5:27  Extractor, Lair  
  38  5:31  Roach Warren  
  32  5:52  Drone, Zergling x2  
  32  5:53  Drone, Zergling x10  
  40  6:09  Zerg Ground Armor Level 1  
  39  6:28  Drone  
  39  6:29  Drone  
  39  6:30  Drone x2  
  42  6:44  Drone x3  
  42  6:45  Drone x3  
  48  6:47  Extractor  
  48  6:50  Extractor  
  46  6:58  Hatchery  
  40  7:11  Roach x2  
  40  7:12  Roach x5  
  40  7:13  Roach  
  55  7:20  Glial Reconstitution  
  55  7:21  Overlord x2  
  55  7:23  Roach x2  
  59  7:40  Overlord  
  59  7:41  Roach  
  59  7:42  Roach x3  
  67  7:54  Spore Crawler  
  66  8:02  Drone x3  
  66  8:03  Drone x3, Zerg Missile Weapons Level 1  
  72  8:07  Roach  
  72  8:10  Ravager x2  
  72  8:11  Ravager x2  
  78  8:13  Roach  
  78  8:16  Drone x2  
  78  8:17  Drone x2  
  76  8:51  Roach x5  
  84  8:57  Roach x3, Roach Warren  
  89  9:12  Drone  
  89  9:14  Overlord x2  
  90  9:18  Overlord x2  
  90  9:31  Queen  
  48  10:01  Roach x6, Zergling x4  
  48  10:02  Roach x4, Zergling x4  
  68  10:12  Spine Crawler  
  67  10:24  Zerg Ground Armor Level 2  
  67  10:31  Extractor, Drone  
  67  10:32  Extractor, Drone  
  67  10:38  Roach x3  
  67  10:39  Roach x5  
  65  11:08  Roach x3, Zergling x8  
  65  11:09  Roach x3, Zergling x4  
  68  11:51  Roach x4, Zergling x4  
  68  11:52  Roach x3, Zergling x2  
  82  11:58  Hydralisk Den  
  69  12:20  Drone x3  
  69  12:21  Drone  
  69  12:22  Drone x4  
  77  12:28  Muscular Augments  
  77  12:29  Hydralisk x4  
  79  12:30  Hydralisk  
  87  12:41  Hydralisk x2  
  87  12:42  Hydralisk  
  93  12:49  Hatchery  
  92  12:51  Drone  
  92  13:19  Roach x2, Hydralisk x5  
  104  13:20  Roach x4  
  112  13:38  Infestation Pit  
  113  13:48  Roach  
  113  13:49  Overlord  
  113  13:50  Overlord x2  
Show
View Real Time Build Order
Export as new Build Order

RiseAgainst Terran 

Build Orders: Cyclone Opening, Reaper Expand, MMM Bio 

Get SALT Encoding   

  12  0:00  SCV  
  13  0:12  SCV  
  14  0:17  Supply Depot  
  14  0:24  SCV  
  15  0:39  SCV  
  15  0:41  Barracks  
  16  0:45  Refinery  
  16  0:52  SCV  
  17  1:04  SCV  
  18  1:16  SCV  
  19  1:28  Reaper  
  19  1:29  Orbital Command  
  20  1:44  Command Center  
  20  1:55  Supply Depot, SCV  
  21  2:08  SCV  
  22  2:10  Marine  
  22  2:14  Factory  
  23  2:16  Refinery  
  23  2:20  SCV  
  24  2:32  SCV  
  24  2:35  Marine  
  26  2:44  SCV  
  26  2:46  Barracks  
  26  2:59  Cyclone  
  26  3:00  SCV  
  26  3:01  Barracks Tech Lab  
  26  3:02  Orbital Command  
  30  3:07  Bunker  
  31  3:12  SCV  
  31  3:19  Marine  
  32  3:21  Stimpack  
  32  3:25  SCV  
  33  3:28  SCV  
  33  3:31  Hellion  
  36  3:42  SCV x2  
  36  3:43  Marine  
  36  3:44  Marine  
  36  3:48  Starport  
  40  4:06  Marine x2  
  40  4:08  Cyclone  
  40  4:09  SCV  
  46  4:26  Supply Depot  
  46  4:29  Supply Depot  
  46  4:31  Liberator  
  46  4:48  SCV x2  
  51  5:00  SCV x2, Engineering Bay x2  
  51  5:07  Barracks Reactor  
  51  5:08  Marine  
  51  5:12  SCV  
  51  5:13  Barracks  
  53  5:18  SCV  
  54  5:27  SCV  
  55  5:28  Marine  
  55  5:30  SCV  
  55  5:31  Medivac  
  55  5:32  Factory Tech Lab  
  48  5:50  Marine x2  
  48  5:51  Marauder  
  50  5:57  SCV x2  
  50  5:58  Barracks  
  50  6:01  Barracks Tech Lab  
  50  6:03  Barracks  
  52  6:04  Medivac  
  52  6:09  SCV  
  52  6:10  SCV  
  48  6:20  Marine  
  48  6:21  Marine, Marauder x2  
  42  6:38  Marine x2  
  42  6:39  SCV x2  
  43  6:42  Marauder x2  
  47  6:51  SCV x2  
  47  6:52  Command Center  
  47  6:53  Barracks Reactor  
  49  6:54  Marauder  
  49  6:56  Marine x2  
  49  6:59  Starport Reactor  
  53  7:03  SCV x2, Marauder  
  56  7:08  Combat Shields  
  56  7:10  Concussive Shells  
  56  7:15  SCV x2  
  56  7:18  Refinery x2  
  56  7:21  Marine x3  
  61  7:27  Supply Depot, SCV  
  62  7:48  Supply Depot, SCV x2  
  62  7:49  Terran Infantry Weapons Level 1  
  66  7:57  Marauder x2  
  70  8:02  Supply Depot  
  70  8:03  Marine x4  
  70  8:04  SCV x2, Marauder  
  78  8:11  Orbital Command  
  78  8:14  Medivac  
  78  8:15  Medivac  
  78  8:16  SCV  
  81  8:20  SCV  
  81  8:22  Supply Depot  
  81  8:24  Terran Infantry Armor Level 1  
  81  8:25  Marine  
  81  8:26  Supply Depot, Marine  
  84  8:28  SCV  
  85  8:53  Marine x3, Marauder x3  
  85  8:54  Marine  
  91  9:11  Orbital Command, Marine x2  
  91  9:15  Marauder  
  91  9:16  Marine x2, Marauder x2  
  101  9:29  Marine x2  
  103  9:34  Marine x2  
  103  9:36  Marauder  
  103  9:37  Marauder x2  
  95  9:47  Marine  
  88  9:54  Marine x3  
  88  9:55  SCV x3  
  88  9:57  Marauder  
  88  9:59  Marauder x2  
  93  10:03  Medivac x2  
  97  10:07  SCV x3  
  97  10:08  Armory  
  100  10:19  SCV x2  
  100  10:20  SCV  
  87  10:31  SCV  
  87  10:33  Medivac x2  
  87  10:35  Marine, Marauder  
  91  10:36  Marauder  
  91  10:47  Marine x2  
  83  10:53  Marine x2, Marauder  
  79  10:57  Marauder  
  79  10:59  Marine  
  79  11:03  Medivac x2  
  77  11:05  Marine x2  
  77  11:10  Marine  
  75  11:29  Marine x4  
  69  11:42  Command Center  
  69  11:45  Terran Infantry Armor Level 2, Terran Infantry Weapons Level 2  
  69  11:46  Command Center  
  56  12:08  Marine x5, Marauder x2  
  66  12:22  SCV  
  66  12:23  SCV  
  66  12:24  Liberator x2  
  66  12:25  Marine  
  66  12:26  Marine  
  66  12:27  Marauder  
  77  12:50  Marine, Marauder x2  
  82  12:59  SCV x2  
  84  13:06  Orbital Command  
  84  13:07  Orbital Command, Liberator x2  
  84  13:11  Marine x4, SCV x2, Marauder  
  84  13:12  Marine  
  93  13:22  Marine  
  100  13:29  Marine x3  
  103  13:34  Marine  
  103  13:35  Marauder x2  
  103  13:38  SCV x3  
  103  13:39  Marine  
  113  13:47  Marine  
  113  13:50  SCV x2  
  113  13:52  SCV  
  116  14:02  SCV  
  117  14:09  Refinery x2  
  123  14:12  SCV  
  123  14:13  SCV  
  123  14:14  SCV  
Show
View Real Time Build Order
Export as new Build Order

Panda Zerg 

Build Orders: Pool First 

Get SALT Encoding   

  12  0:01  Drone  
  13  0:12  Overlord  
  13  0:22  Drone  
  14  0:32  Drone x2  
  16  0:37  Extractor, Drone  
  16  0:51  Spawning Pool  
  16  0:52  Drone  
  16  0:56  Drone  
  17  1:07  Drone  
  18  1:20  Drone  
  19  1:40  Hatchery  
  19  1:43  Queen  
  19  1:45  Zergling x2  
  22  1:47  Zergling x2  
  22  1:53  Metabolic Boost  
  22  2:05  Overlord  
  22  2:07  Overlord  
  22  2:26  Drone x2  
  23  2:54  Drone x2  
  23  2:56  Drone  
  23  2:57  Queen  
  28  3:05  Baneling Nest  
  28  3:09  Spine Crawler  
  28  3:12  Drone  
  26  3:19  Zergling x10  
  19  3:41  Zergling x2  
  19  3:42  Zergling x8  
  15  3:59  Spine Crawler  
  9  4:08  Drone x2  
  10  4:16  Drone x3  
  13  4:19  Drone x2  
  15  4:25  Baneling  
  15  4:34  Drone  
  14  4:47  Drone  
  14  4:48  Drone  
  16  4:53  Drone  
  16  4:57  Drone x4  
  16  4:59  Drone  
  22  5:10  Drone  
  22  5:12  Drone  
  24  5:15  Queen  
  25  5:24  Spine Crawler  
  25  5:25  Baneling  
  24  5:33  Spine Crawler  
  24  5:35  Drone  
  24  5:36  Drone  
  25  5:46  Zergling x6  
  28  5:53  Drone x2  
  28  5:54  Drone  
  31  6:06  Drone x4  
  35  6:25  Overlord x2  
  35  7:08  Baneling  
  35  7:12  Drone  
  35  7:13  Drone x4  
  40  7:16  Drone  
  40  7:17  Drone x5  
  45  7:31  Hatchery, Roach Warren  
  45  7:34  Drone x5, Evolution Chamber x2  
  46  7:37  Extractor  
  46  7:38  Extractor  
  46  7:40  Extractor  
  46  7:42  Drone x3  
  46  8:00  Drone x3  
  46  8:05  Overlord x4  
  49  8:16  Overlord  
  49  8:30  Overlord  
  49  8:31  Lair  
  49  8:45  Drone x5  
  49  8:48  Zerg Missile Weapons Level 1  
  54  8:51  Roach x4  
  62  8:58  Roach  
  64  9:08  Roach  
  64  9:09  Roach x3  
  59  9:24  Roach x7  
  66  9:40  Overlord  
  66  9:41  Overlord x2  
  66  10:07  Zergling x4  
  66  10:08  Zergling x10  
  66  10:10  Queen  
  66  10:12  Drone x2  
  59  10:32  Zergling x2  
  59  10:33  Zergling x14  
  59  10:53  Zergling x6  
  59  10:54  Zergling x6, Roach Warren  
  52  11:20  Zergling x14  
  56  11:41  Drone x2  
  56  11:57  Zergling x12  
  58  12:03  Roach x2  
  58  12:04  Roach x4  
  69  12:18  Drone  
  69  12:20  Glial Reconstitution  
  70  12:23  Zerg Ground Armor Level 1  
  70  12:27  Drone x2  
  70  12:28  Queen  
  74  12:47  Overlord x2  
  74  12:48  Overlord x3  
  74  12:53  Drone x2  
  74  12:54  Drone  
  77  13:05  Drone x5  
  81  13:34  Overlord x3  
  81  13:35  Overlord  
  81  13:36  Drone x3  
  84  13:43  Evolution Chamber  
  83  13:51  Overlord x2  
  83  13:52  Overlord  
  83  13:55  Roach x9  
  101  13:56  Roach x3  
  107  14:14  Extractor  
  107  14:16  Extractor  
Tags
 
Add a new tag
Caveats
  • Supply blocks, unpowered buildings, or Contaminate may cause inaccurate times.
  • Supply counts are checked every 10 seconds.